PAA
MINNESOTA LOONS @ ASHEVILLE HIGHLANDERS
08/18/2025
 
TOP OF THE 1ST
Minnesota Loons batting - Pitching for Asheville Highlanders : RHP Jim Unknown
Pitching: RHP Jim Unknown
Batting: LHB Alfredo Arévalo 0-0: Ball
1-0: Foul Ball, location: 2F
1-1: Called Strike
1-2: Foul Ball, location: 2F
1-2: Foul Ball, location: 2F
1-2: Foul Ball, location: 2F
1-2: Strikes out looking
Batting: RHB Lytle Creek 0-0: Ball
1-0: Called Strike
1-1: Foul Ball, location: 2F
1-2: Ball
2-2: Ball
3-2: Strikes out swinging
Batting: RHB Miguel Rosales 0-0: Ground out 4-3 (Groundball, 4)
Top of the 1st over - 0 run(s), 0 hit(s), 0 error(s), 0 left on base; Minnesota 0 - Asheville 0
BOTTOM OF THE 1ST
Asheville Highlanders batting - Pitching for Minnesota Loons : LHP Héctor Cortéz
Pitching: LHP Héctor Cortéz
Batting: SHB John Pemperton 0-0: Ball
1-0: Ball
2-0: Called Strike
2-1: Foul Ball, location: 2F
2-2: Foul Ball, location: 2F
2-2: Fly out, F5 (Popup, 5L)
Batting: RHB Lorenzo Rosas 0-0: Ball
1-0: Ball
2-0: Foul Ball, location: 2F
2-1: SINGLE (Flyball, 8RS)
Batting: RHB Bryce Bancroft 0-0: Ball
Wild Pitch!
Lorenzo Rosas to second
1-0: DOUBLE (Flyball, 78M)
Lorenzo Rosas scores
Batting: RHB Ed Lastinger 0-0: Ball
1-0: Ball
2-0: Fly out, F1 (Line Drive, 13)
Batting: RHB Víctor López 0-0: Called Strike
0-1: 2-RUN HOME RUN (Flyball, 78XD), Distance : 424 ft
Batting: RHB Moisés Quintana 0-0: Ball
1-0: Called Strike
1-1: Fly out, F9 (Flyball, 9LM)
Bottom of the 1st over - 3 run(s), 3 hit(s), 0 error(s), 0 left on base; Minnesota 0 - Asheville 3
TOP OF THE 2ND
Minnesota Loons batting - Pitching for Asheville Highlanders : RHP Jim Unknown
Batting: RHB Gonzalo Sánchez 0-0: Swinging Strike
0-1: Called Strike
0-2: Ball
1-2: Fly out, F8 (Flyball, 78XD)
Batting: LHB José León 0-0: Foul Ball, location: 2F
0-1: Ball
1-1: Fly out, F6 (Popup, 6S)
Batting: RHB Bass Reeves 0-0: Ground out 4-3 (Groundball, 4)
Top of the 2nd over - 0 run(s), 0 hit(s), 0 error(s), 0 left on base; Minnesota 0 - Asheville 3
BOTTOM OF THE 2ND
Asheville Highlanders batting - Pitching for Minnesota Loons : LHP Héctor Cortéz
Batting: LHB Jack Sutherland 0-0: Fly out, F2 (Popup, 56S)
Batting: LHB Luis Vicenteno 0-0: Bunt for hit - play at first, batter OUT! 1-3
Batting: RHB Héctor Gallegos 0-0: Ball
1-0: Foul Ball, location: 2F
1-1: Fly out, F7 (Flyball, 78M)
Bottom of the 2nd over - 0 run(s), 0 hit(s), 0 error(s), 0 left on base; Minnesota 0 - Asheville 3
TOP OF THE 3RD
Minnesota Loons batting - Pitching for Asheville Highlanders : RHP Jim Unknown
Batting: LHB Wilson Horton 0-0: Fly out, F9 (Flyball, 89S)
Batting: RHB D.C. Aiken 0-0: Swinging Strike
0-1: Ball
1-1: Ball
2-1: Ball
3-1: Swinging Strike
3-2: Fly out, F8 (Flyball, 89M)
Batting: LHB Francisco Santos 0-0: Foul Ball, location: 2F
0-1: SINGLE (Line Drive, 89S)
Batting: LHB Alfredo Arévalo 0-0: Ball
1-0: Called Strike
1-1: Called Strike
1-2: Fly out, F9 (Flyball, 9S)
Top of the 3rd over - 0 run(s), 1 hit(s), 0 error(s), 1 left on base; Minnesota 0 - Asheville 3
BOTTOM OF THE 3RD
Asheville Highlanders batting - Pitching for Minnesota Loons : LHP Héctor Cortéz
Batting: SHB John Pemperton 0-0: Ball
1-0: Called Strike
1-1: Fly out, F9 (Line Drive, 9D)
Batting: RHB Lorenzo Rosas 0-0: Ball
1-0: Called Strike
1-1: Ball
2-1: Fly out, F3 (Line Drive, 3S)
Batting: RHB Bryce Bancroft 0-0: Called Strike
0-1: Ball
1-1: SINGLE (Groundball, 6D)
Batting: RHB Ed Lastinger 0-0: Ball
1-0: Foul Ball, location: 2F
1-1: Fielders Choice at 2nd, 4-6 (Groundball, 4)
Bottom of the 3rd over - 0 run(s), 1 hit(s), 0 error(s), 0 left on base; Minnesota 0 - Asheville 3
TOP OF THE 4TH
Minnesota Loons batting - Pitching for Asheville Highlanders : RHP Jim Unknown
Batting: RHB Lytle Creek 0-0: Ball
1-0: Ball
2-0: Fly out, F4 (Flyball, 4MD)
Batting: RHB Miguel Rosales 0-0: Ball
1-0: Foul Ball, location: 2F
1-1: Ball
2-1: Foul Ball, location: 2F
2-2: Strikes out looking
Batting: RHB Gonzalo Sánchez 0-0: Ground out 4-3 (Groundball, 4S)
Top of the 4th over - 0 run(s), 0 hit(s), 0 error(s), 0 left on base; Minnesota 0 - Asheville 3
BOTTOM OF THE 4TH
Asheville Highlanders batting - Pitching for Minnesota Loons : LHP Héctor Cortéz
Batting: RHB Víctor López 0-0: Called Strike
0-1: Foul Ball, location: 2F
0-2: Ground out 5-3 (Groundball, 56)
Batting: RHB Moisés Quintana 0-0: Foul Ball, location: 2F
0-1: Ball
1-1: Ball
2-1: Ball
3-1: Foul Ball, location: 2F
3-2: Foul Ball, location: 2F
3-2: Strikes out swinging
Batting: LHB Jack Sutherland 0-0: Foul Ball, location: 2F
0-1: Ball
1-1: Fly out, F8 (Flyball, 8RXD)
Bottom of the 4th over - 0 run(s), 0 hit(s), 0 error(s), 0 left on base; Minnesota 0 - Asheville 3
TOP OF THE 5TH
Minnesota Loons batting - Pitching for Asheville Highlanders : RHP Jim Unknown
Batting: LHB José León 0-0: Foul Ball, location: 2F
0-1: Called Strike
0-2: Strikes out swinging
Batting: RHB Bass Reeves 0-0: Ground out 6-3 (Groundball, 6M)
Batting: LHB Wilson Horton 0-0: Called Strike
0-1: Foul Ball, location: 2F
0-2: Strikes out swinging
Top of the 5th over - 0 run(s), 0 hit(s), 0 error(s), 0 left on base; Minnesota 0 - Asheville 3
BOTTOM OF THE 5TH
Asheville Highlanders batting - Pitching for Minnesota Loons : LHP Héctor Cortéz
Batting: LHB Luis Vicenteno 0-0: Foul Ball, location: 2F
0-1: Ball
1-1: Foul Ball, location: 2F
1-2: Fly out, F7 (Flyball, 7LM)
Batting: RHB Héctor Gallegos 0-0: Called Strike
0-1: Ball
1-1: Called Strike
1-2: Ball
2-2: Ground out 6-3 (Groundball, 6)
Batting: SHB John Pemperton 0-0: Called Strike
0-1: Foul Ball, location: 2F
0-2: Foul Ball, location: 2F
0-2: Ball
1-2: Foul Ball, location: 2F
1-2: Foul Ball, location: 2F
1-2: Foul Ball, location: 2F
1-2: Ball
2-2: Foul Ball, location: 2F
2-2: Foul Ball, location: 2F
2-2: Ball
3-2: Fly out, F8 (Flyball, 89M)
Bottom of the 5th over - 0 run(s), 0 hit(s), 0 error(s), 0 left on base; Minnesota 0 - Asheville 3
TOP OF THE 6TH
Minnesota Loons batting - Pitching for Asheville Highlanders : RHP Jim Unknown
Batting: RHB D.C. Aiken 0-0: Ball
1-0: Called Strike
1-1: Fly out, F7 (Line Drive, 78M)
Batting: LHB Francisco Santos 0-0: Foul Ball, location: 2F
0-1: Ball
1-1: Ground out 1-3 (Groundball, P)
Batting: LHB Alfredo Arévalo 0-0: Called Strike
0-1: Ball
1-1: Foul Ball, location: 2F
1-2: Ball
2-2: Ball
3-2: Strikes out swinging
Top of the 6th over - 0 run(s), 0 hit(s), 0 error(s), 0 left on base; Minnesota 0 - Asheville 3
BOTTOM OF THE 6TH
Asheville Highlanders batting - Pitching for Minnesota Loons : LHP Héctor Cortéz
Batting: RHB Lorenzo Rosas 0-0: Ground out 6-3 (Groundball, 6)
Batting: RHB Bryce Bancroft 0-0: Called Strike
0-1: Fly out, F8 (Flyball, 8RM)
Batting: RHB Ed Lastinger 0-0: Ball
1-0: Foul Ball, location: 2F
1-1: Ball
2-1: DOUBLE (Groundball, 3L)
Batting: RHB Víctor López 0-0: Ball
1-0: Called Strike
1-1: Ball
2-1: Ball
3-1: Foul Ball, location: 2F
3-2: Foul Ball, location: 2F
3-2: Foul Ball, location: 2F
3-2: Base on Balls
Batting: RHB Moisés Quintana 0-0: Ball
1-0: Called Strike
1-1: Ball
2-1: Ball
3-1: SINGLE (Groundball, 56D)
Ed Lastinger to third
Víctor López to second
Runner from 3rd tries for Home, SAFE, no throw
Batting: LHB Jack Sutherland 0-0: Fly out, F7 (Line Drive, 7)
Bottom of the 6th over - 1 run(s), 2 hit(s), 0 error(s), 2 left on base; Minnesota 0 - Asheville 4
TOP OF THE 7TH
Minnesota Loons batting - Pitching for Asheville Highlanders : RHP Jim Unknown
Batting: RHB Lytle Creek 0-0: Ball
1-0: Called Strike
1-1: Fly out, F7 (Flyball, 7LS)
Batting: RHB Miguel Rosales 0-0: Ball
1-0: Called Strike
1-1: Foul Ball, location: 2F
1-2: Strikes out swinging
Batting: RHB Gonzalo Sánchez 0-0: Ball
1-0: Fly out, F2 (Popup, 56S)
Top of the 7th over - 0 run(s), 0 hit(s), 0 error(s), 0 left on base; Minnesota 0 - Asheville 4
BOTTOM OF THE 7TH
Asheville Highlanders batting - Pitching for Minnesota Loons : LHP Héctor Cortéz
Batting: LHB Luis Vicenteno 0-0: SOLO HOME RUN (Line Drive, 9LD), Distance : 354 ft
Pitching: LHP Curtis Fields
Batting: RHB Héctor Gallegos 0-0: Called Strike
0-1: Ground out 5-3 (Groundball, 5S)
Batting: SHB John Pemperton 0-0: Called Strike
0-1: Fly out, F4 (Popup, 4D)
Batting: RHB Lorenzo Rosas 0-0: Fly out, F9 (Flyball, 9LM)
Bottom of the 7th over - 1 run(s), 1 hit(s), 0 error(s), 0 left on base; Minnesota 0 - Asheville 5
TOP OF THE 8TH
Minnesota Loons batting - Pitching for Asheville Highlanders : RHP Jim Unknown
Batting: LHB José León 0-0: Fly out, F4 (Line Drive, 4)
Batting: RHB Bass Reeves 0-0: Ball
1-0: Ball
2-0: Called Strike
2-1: Swinging Strike
2-2: Ball
3-2: Fly out, F7 (Flyball, 7S)
Batting: LHB Wilson Horton 0-0: Fly out, F9 (Flyball, 9S)
Top of the 8th over - 0 run(s), 0 hit(s), 0 error(s), 0 left on base; Minnesota 0 - Asheville 5
BOTTOM OF THE 8TH
Asheville Highlanders batting - Pitching for Minnesota Loons : LHP Curtis Fields
Batting: RHB Bryce Bancroft 0-0: Ground out U3 (Groundball, 3L)
Batting: RHB Ed Lastinger 0-0: Ball
1-0: Swinging Strike
1-1: Ball
2-1: Foul Ball, location: 2F
2-2: Foul Ball, location: 2F
2-2: Fly out, F9 (Flyball, 9)
Batting: RHB Víctor López 0-0: Ball
1-0: Ball
2-0: Ball
3-0: Called Strike
3-1: Foul Ball, location: 2F
3-2: Strikes out swinging
Bottom of the 8th over - 0 run(s), 0 hit(s), 0 error(s), 0 left on base; Minnesota 0 - Asheville 5
TOP OF THE 9TH
Minnesota Loons batting - Pitching for Asheville Highlanders : RHP Jim Unknown
Batting: RHB D.C. Aiken 0-0: Ball
1-0: Called Strike
1-1: Ball
2-1: Called Strike
2-2: Foul Ball, location: 2F
2-2: Strikes out swinging
Batting: LHB Francisco Santos 0-0: Swinging Strike
0-1: Swinging Strike
0-2: Ball
1-2: Foul Ball, location: 2F
1-2: Fly out, F7 (Flyball, 7S)
Pitching: RHP Jim Unknown
Batting: LHB Alfredo Arévalo 0-0: Ball
1-0: Fly out, F9 (Flyball, 9LMF)
Top of the 9th over - 0 run(s), 0 hit(s), 0 error(s), 0 left on base; Minnesota 0 - Asheville 5
Friday, December 30th, 2016 - OOTP Baseball 17.12 Build 75